 Dungeon Crawl Stone Soup version 0.14-a0-1663-g0b35444 (webtiles) character file.

88 4tharraofdagon the Firebug (level 3, 0/28 HPs)
             Began as a Naga Fire Elementalist on Dec 30, 2013.
             Succumbed to an adder's poison
             ... on Level 4 of the Dungeon.
             The game lasted 00:02:38 (494 turns).

4tharraofdagon the Firebug (Naga Fire Elementalist)  Turns: 494, Time: 00:02:39

HP   0/28        AC  2     Str 10      XL: 3   Next: 81%
MP   0/6         EV 10     Int 16      God:
Gold 37          SH  0     Dex 11      Spells:  2 memorised,  2 levels left

rFire  . . .     SeeInvis +     k - +1,+0 dwarf mace
rCold  + . .     Clarity  .     a - +0 robe
rNeg   . . .     Conserve .     (no shield)
rPois  +         rCorr    .     (no helmet)
rElec  .         rRot     .     (no cloak)
SustAb . .       Spirit   .     (no gloves)
rMut   .         Warding  .     (no barding)
Saprov . . .     Stasis   .     (no amulet)
                                m - cursed ring of hunger {unknown}
                                j - ring of protection from cold {unknown}

@: short of breath, mildly poisoned, very slow, slightly resistant to hostile
enchantments, fairly stealthy
A: spit poison, see invisible, deformed body, poison resistance, slowness 2, AC
+1
a: Spit Poison


You were on level 4 of the Dungeon.
You were not hungry.

You visited 1 branch of the dungeon, and saw 5 of its levels.

You collected 37 gold pieces.

Inventory:

Hand weapons
 k - a +1,+0 dwarven mace (weapon)
Armour
 a - a +0 robe (worn)
Comestibles
 c - a bread ration
 i - a choko
Scrolls
 d - a scroll of enchant weapon I {unknown}
 e - a scroll of teleportation {unknown}
 f - 3 scrolls of identify {unknown}
 g - a scroll of remove curse {unknown}
 l - a scroll of curse weapon {unknown}
Jewellery
 h - an uncursed amulet of inaccuracy {unknown}
 j - a ring of protection from cold (left hand) {unknown}
 m - a cursed ring of hunger (right hand) {unknown}
Books
 b - a book of Flames

   Spells                             Type                      Level
   *Flame Tongue                      Conjuration/Fire             1
   Throw Flame                        Conjuration/Fire             2
   *Conjure Flame                     Conjuration/Fire             3
   Inner Flame                        Hexes/Fire                   3
   Sticky Flame                       Conjuration/Fire             4
   Fireball                           Conjuration/Fire             5


   Skills:
 - Level 1.5 Dodging
 - Level 3.0 Stealth
 + Level 2.3 Spellcasting
 * Level 2.4 Conjurations
 * Level 3.6 Fire Magic


You had 2 spell levels left.
You knew the following spells:

 Your Spells              Type           Power        Failure   Level  Hunger
a - Flame Tongue          Conj/Fire      ##...        8%          1    #......
b - Conjure Flame         Conj/Fire      ##......     17%         3    ####...


Dungeon Overview and Level Annotations

Branches:
Dungeon (5/16)
 Temple: D:4-7

Altars:


Innate Abilities, Weirdness & Mutations

You cannot wear boots.
You can spit poison.
Your serpentine skin is tough (AC +1).
You have supernaturally acute eyesight.
Armour fits poorly on your strangely shaped body.
Your system is resistant to poisons.
You cover ground very slowly.


Message History

The adder closely misses you.
You barely miss the adder.
The adder is almost dead.
The adder bites you.
Use which ability? (? or * to list)
Press: ? - help, Shift-Dir - straight line, f/p - adder
Aim: an adder (almost dead)
The splash of poison misses the adder.
You feel slightly more hungry. The adder bites you.
* * * LOW HITPOINT WARNING * * *
Casting: Flame Tongue
Confirm with . or Enter, or press ? or * to list all spells.
Aiming: Flame Tongue
Press: ? - help, Shift-Dir - straight line, f/p - adder
Aim: an adder (severely wounded)
The flame misses the adder.
The adder bites you.
* * * LOW HITPOINT WARNING * * *
You closely miss the adder.
The adder is severely wounded.
You die...

... #.# #.# . #.#
#.###.# #.#....
#.#.#.# #.#.#S#.
#.#.#@#.####
#.#........#
#.#.#.#.##.#
#.......#
#.....#.#.# ## ##
#.......... #. .#
#...#.#.#.#
##.##.## #.....#.#.
.....##.##.##......


You could see an adder.

Vanquished Creatures
  A worker ant (D:4)
  2 adders
  A giant gecko (D:4)
  2 bats
  A giant cockroach (D:4)
  2 goblins (D:4)
  2 hobgoblins
  A giant newt (D:2)
  2 kobolds
14 creatures vanquished.

Notes
Turn   | Place    | Note
--------------------------------------------------------------
     0 | D:1      | 4tharraofdagon, the Naga Fire Elementalist, began the quest for the Orb.
     0 | D:1      | Reached XP level 1. HP: 15/15 MP: 3/3
   139 | D:2      | Reached XP level 2. HP: 22/22 MP: 2/4
   275 | D:4      | Reached XP level 3. HP: 26/28 MP: 3/6
   283 | D:4      | Learned a level 3 spell: Conjure Flame
   307 | D:5      | Entered Level 5 of the Dungeon
   493 | D:4      | HP: 1/28 [adder (3)]
   494 | D:4      | Succumbed to an adder's poison

Action                   || total
-------------------------++-------
Melee: Unarmed           ||     1
       Mace              ||    12
 Cast: Flame Tongue      ||    17
 Abil: Spit Poison       ||    10
  Use: Potion            ||     4
